 Dungeon Crawl Stone Soup version 0.28-a0-674-gdaf460b524 (webtiles) character file.

Game seed: 15805608844904502558

2189 porpoise the Thaumaturge (level 9, -8/49 HPs)
             Began as a Deep Elf Conjurer on Oct 18, 2021.
             Was a Believer of Vehumet.
             Shot with an arrow by something (9 damage)
             ... on level 6 of the Dungeon.
             The game lasted 00:25:04 (8199 turns).

porpoise the Thaumaturge (Deep Elf Conjurer)        Turns: 8199, Time: 00:25:05

Health: -8/49      AC:  6    Str:  6    XL:     9   Next: 12%
Magic:  13/25      EV: 12    Int: 25    God:    Vehumet [**....]
Gold:   190        SH:  0    Dex: 13    Spells: 17/28 levels left

rFire   + . .      SeeInvis .   b - +2 hunting sling (flame)
rCold   + . .      Faith    .   (no shield)
rNeg    . . .      Spirit   .   u - +0 robe
rPois   .          Reflect  .   B - +1 helmet
rElec   .          Harm     .   (no cloak)
rCorr   .          Rampage  .   t - +1 pair of gloves
Will    .....                   (no boots)
Stlth   ++........              (no amulet)
HPRegen 0.16/turn               h - ring of protection from cold
MPRegen 0.19/turn               A - ring of protection from fire

@: no status effects
A: no striking features
a: Renounce Religion


You were on level 6 of the Dungeon.
You worshipped Vehumet.
Vehumet was pleased with you.
You visited 1 branch of the dungeon, and saw 6 of its levels.
You also visited: Ossuary.

You collected 388 gold pieces.
You spent 198 gold pieces at shops.

Inventory:

Hand Weapons
 a - a +0 short sword
 b - a +2 hunting sling of flaming (weapon)
 x - a +0 hunting sling of freezing
Missiles
 c - 240 stones (quivered ammo)
 f - 44 poisoned darts
Armour
 t - a +1 pair of gloves (worn)
 u - a +0 robe (worn)
 B - a +1 helmet (worn)
Jewellery
 h - a ring of protection from cold (left hand)
 A - a ring of protection from fire (right hand)
Wands
 q - a wand of paralysis (20)
Scrolls
 d - 3 scrolls of identify
 i - a scroll of enchant weapon {unknown}
 r - a scroll of fog {unknown}
 y - a scroll of noise
 z - a scroll of brand weapon {unknown}
 C - a scroll of fear {unknown}
Potions
 e - 4 potions of curing
 g - 7 potions of haste
 j - 2 potions of mutation
 k - 6 potions of lignification
 l - 3 potions of might {unknown}
 m - a potion of heal wounds {unknown}
 n - 2 potions of magic {unknown}
 o - 2 potions of flight {unknown}
 p - a potion of attraction {unknown}
 s - 2 potions of degeneration {unknown}
 v - a potion of berserk rage {unknown}
 w - a potion of resistance {unknown}


   Skills:
 + Level 2.8 Fighting
 - Level 2.4 Dodging
 - Level 2.4 Stealth
 + Level 10.2 Spellcasting
 - Level 7.0 Conjurations
 - Level 7.0 Hexes
 - Level 5.0 Translocations


You had 17 spell levels left.
You knew the following spells:

 Your Spells              Type           Power      Damage    Failure   Level
a - Magic Dart            Conj           100%       1d8       1%          1
b - Searing Ray           Conj           94%        2d7       1%          2
c - Fulminant Prism       Conj/Hex       23%        3d13      2%          4
d - Iskenderun's Mystic   Conj/Tloc      42%        2d10      4%          4

Your spell library contained the following spells:

 Spells                   Type           Power      Damage    Failure   Level
 Freeze                   Ice            48%        1d7       4%          1
 Ensorcelled Hibernation  Hex/Ice        60%        N/A       1%          2
 Dazzling Flash           Conj/Hex       94%        N/A       1%          3
 Gell's Gravitas          Tloc           18%        N/A       1%          3
 Lesser Beckoning         Tloc           37%        N/A       1%          3
 Portal Projectile        Hex/Tloc       84%        N/A       1%          3
 Teleport Other           Tloc           37%        N/A       1%          3
 Tukima's Dance           Hex            47%        N/A       1%          3
 Mephitic Cloud           Conj/Pois/Air  24%        N/A       5%          3
 Call Imp                 Summ           12%        N/A       8%          2
 Summon Lightning Spire   Summ/Air       12%        N/A       43%         4
 Monstrous Menagerie      Summ           6%         N/A       100%        7


Dungeon Overview and Level Annotations

Branches:
Dungeon (6/15)             Temple (0/1) D:6         Ossuary (visited)

Altars:
Cheibriados
Vehumet
Wu Jian

Shops:
D:5 (   D:6 *


Message History

Vehumet accepts your kill.
You feel your power returning.
A centaur comes into view.
The centaur moves out of view.
You start resting.
A centaur is nearby!
Casting: Searing Ray (safe; 1% risk of failure)
Confirm with . or Enter, or press ? or * to list all spells.
Aiming: Searing Ray (safe; 1% risk of failure)
Press: ? - help, Shift-Dir - straight line, f - centaur
Aim: a centaur, quivering arrows (wandering, hasn't noticed you, 89% to hit)
The searing ray hits the centaur.
The centaur is lightly wounded.
The centaur shouts! (Press . to maintain the ray.)
You hear a shout!
The centaur wields a +0 shortbow.
The centaur shoots an arrow.
The arrow closely misses you.
The searing ray hits the centaur.
The centaur is moderately wounded.
The centaur drinks a potion.
The centaur flickers and vanishes!
Deactivating autopickup; reactivate with Ctrl-A.
The searing ray hits something.
You hear a twanging sound.
An arrow appears from out of thin air!
The arrow completely misses you.
You hear a twanging sound.
An arrow appears from out of thin air!
The arrow hits you.
The searing ray hits something!
You finish channelling your searing ray.
Unknown command.
You close the door.
You hear a twanging sound.
An arrow appears from out of thin air!
The arrow hits you!
* * * LOW HITPOINT WARNING * * *
You hear a twanging sound.
An arrow appears from out of thin air!
The arrow hits you.
* * * LOW HITPOINT WARNING * * *
You hear a twanging sound.
An arrow appears from out of thin air!
The arrow hits you!
You die...

# ##.## ##.*,,##..*
*,,**,,,,*
###...######..#,##..,*
*,,*,****,
...........#*#.#*..,**
*,,*,,,*,*
###...########..#..##
*,,*,*,**, ####.##
##'##+##+## *,,*,**,**
.###.# **#.)...))†.#
*,,**,*,,* .....#
#.#.8..8..8.# *,,,******
†....# #.#.........#
*,,,****** #.#.##
#.#####@##### *,,**,,,,*
#.#.# #)#........#
*,,*,,**** #.#.#
#.##.....#.###*,,*,**,*,
#.#.#
#.###....÷....,,,*,*,*,,
#.#.# #.#
##.###.###*,,*,****,
#.#.######.# #.#
*...,,,,**,,,,*
#.#........####.#
**###**,,******
#...............#
**,,,,,,,
#################
********


There were no monsters in sight!

Vanquished Creatures
  Prince Ribbit (D:6)
  2 water moccasins
  An ice beast (D:5)
  An orc warrior (D:6)
  A necrophage (D:6)
  3 ogres
  2 centaurs
  A phantom (D:6)
  A bullfrog (D:6)
  A scorpion (D:6)
  A water moccasin zombie (D:6)
  A centaur zombie (D:5)
  A bullfrog zombie (D:6)
  2 orc priests (D:6)
  A hound (D:5)
  2 jellies
  Jessica (D:2)
  2 centaur skeletons (D:6)
  Terence (D:2)
  4 bullfrog skeletons
  2 iguanas (D:6)
  2 orc wizards
  13 mummies (Ossuary)
  4 adders
  A shadow imp (D:5)
  A white imp (D:6)
  2 ufetubi
  2 worms
  2 dart slugs
  11 orcs
  3 endoplasms
  2 giant cockroaches (D:3)
  10 goblins
  6 hobgoblins
  2 jackals (D:1)
  2 quokkas
  5 ball pythons
  4 bats
  4 frilled lizards
  3 gnoll skeletons (Ossuary)
  2 goblin skeletons (Ossuary)
  6 kobolds
  2 kobold skeletons (Ossuary)
  An orc skeleton (Ossuary)
  A rat (D:2)
  11 rat skeletons (Ossuary)
134 creatures vanquished.

Vanquished Creatures (others)
  9 fulminant prisms (D:6)
  4 plants (D:6)
13 creatures vanquished.

Grand Total: 147 creatures vanquished

Notes
Turn   | Place    | Note
-------+----------+-------------------------------------------
     0 | D:1      | porpoise the Deep Elf Conjurer began the quest for the Orb.
     0 | D:1      | Reached XP level 1. HP: 10/10 MP: 6/6
   573 | D:1      | Reached XP level 2. HP: 15/15 MP: 4/8
  1188 | D:2      | Learned a level 2 spell: Searing Ray
  1311 | D:2      | Reached skill level 4 in Spellcasting
  1311 | D:2      | Reached skill level 5 in Conjurations
  1311 | D:2      | Reached XP level 3. HP: 19/19 MP: 4/10
  1632 | D:2      | Noticed Jessica
  1635 | D:2      | Killed Jessica
  1637 | D:2      | Noticed Terence
  1721 | D:2      | Killed Terence
  1722 | D:2      | Reached XP level 4. HP: 13/24 MP: 3/12
  2257 | D:2      | Reached skill level 5 in Spellcasting
  2586 | D:3      | Found a faded altar of an unknown god.
  3030 | D:3      | Got Sif Muna's Catalogue of Creation and Orientation
  3423 | D:4      | Reached XP level 5. HP: 23/28 MP: 7/14
  3545 | D:4      | Found a snail-covered altar of Cheibriados.
  3545 | D:4      | Found an ornate altar of the Wu Jian Council.
  3719 | D:4      | Found a radiant altar of Vehumet.
  3724 | D:4      | Became a worshipper of Vehumet
  4123 | D:4      | Reached skill level 6 in Spellcasting
  4303 | D:5      | Entered Level 5 of the Dungeon
  4312 | D:5      | Noticed an ice beast
  4328 | D:4      | Learned a level 4 spell: Fulminant Prism
  4333 | D:4      | Learned a level 4 spell: Iskenderun's Mystic Blast
  4350 | D:5      | Killed an ice beast
  4351 | D:5      | Reached XP level 6. HP: 17/32 MP: 6/17
  4497 | D:5      | Noticed a water moccasin
  4524 | D:5      | Found Wiomukh's Antique Weapon Emporium.
  4527 | D:5      | Bought a runed hunting sling for 99 gold pieces
  4527 | D:5      | Bought a runed hunting sling for 99 gold pieces
  4534 | D:5      | Killed a water moccasin
  4535 | D:5      | Reached skill level 7 in Spellcasting
  4648 | D:5      | Reached skill level 1 in Translocations
  4739 | D:5      | Reached XP level 7. HP: 36/36 MP: 13/19
  5233 | D:5      | Reached skill level 5 in Hexes
  6003 | D:6      | Found Venof's General Store.
  6029 | D:6      | Reached XP level 8. HP: 40/41 MP: 4/20
  6043 | D:6      | Found a sand-covered staircase.
  6077 | Ossuary  | Entered an ossuary
  6230 | Ossuary  | Reached * piety under Vehumet
  6230 | Ossuary  | Offered knowledge of Shock by Vehumet.
  6843 | Ossuary  | Reached skill level 5 in Translocations
  7633 | D:6      | Noticed Prince Ribbit
  7641 | D:6      | Killed Prince Ribbit
  7642 | D:6      | Reached skill level 8 in Spellcasting
  7643 | D:6      | Reached ** piety under Vehumet
  7654 | D:6      | Offered knowledge of Freeze by Vehumet.
  7655 | D:6      | Reached skill level 9 in Spellcasting
  7793 | D:6      | Reached skill level 1 in Fighting
  8097 | D:6      | Reached XP level 9. HP: 38/48 MP: 17/24
  8117 | D:6      | Reached skill level 10 in Spellcasting
  8198 | D:6      | HP: 1/49 [something (5)]
  8199 | D:6      | Shot with an arrow by something

Illustrated notes

Levels and vault maps discovered:
D:1:      heliophobic_arrival_glass_houses, layout_loops_ring
D:2:      layout_basic, uniq_terence, uniq_jessica
D:3:      layout_basic, basic_ecumenical_altar, st_stairs_4,
          minmay_misc_feat_alley, glass_columns_b, hangedman_decor_peaks_small
D:4:      layout_basic, mainiacjoe_overflow_24_doors, jmf_multi_god_temple
D:5:      layout_basic, serial_shops, shop
D:6:      minmay_chambers_of_threes, layout_loops_ring,
          minmay_temple_entry_grid, serial_shops, shop_coins,
          nicolae_ossuary_entry_false_entrances, grunt_ministairs_12,
          serial_bayou_pond_a, minmay_crystal_water,
          minmay_hollow_rounded_squares, uniq_prince_ribbit1

Skill      XL: |  1  2  3  4  5  6  7  8  9 |
---------------+----------------------------+-----
Spellcasting   | 4 5 6 7 9 10 | 10.2
Conjurations   | 5 6 7 |  7.0
Hexes          | 2 4 6 7 |  7.0
Translocations | 1 4 5 |  5.0
Fighting       | 2 |  2.8
Dodging        | |  2.4
Stealth        | |  2.4

Action                   |  1- 3 |  4- 6 |  7- 9 || total
-------------------------+-------+-------+-------++-------
 Fire: Hunting sling     |       |     5 |     5 ||    10
 Cast: Magic Dart        |    41 |    46 |     2 ||    89
       Searing Ray       |     5 |    16 |    52 ||    73
       Fulminant Prism   |       |       |     9 ||     9
       Iskenderun's Myst |       |       |     3 ||     3
  Use: Scroll            |       |       |    11 ||    11
       Potion            |       |       |     1 ||     1
Armor: Robe              |       |     2 |     9 ||    11
Dodge: Dodged            |     3 |    12 |    27 ||    42

Table legend: (Time is in decaauts)
 A = Elapsed time spent in this place.
 B = Non-inter-level travel time spent in this place.
 C = Inter-level travel time spent in this place.
 D = Time resting spent in this place.
 E = Time spent auto-exploring this place.
 F = Levels seen in this place.
 G = Mean time per level.
                   A        B        C        D        E       F      G
               +--------+--------+--------+--------+--------+-----+--------+
         Total |   8201 |   8035 |    166 |   3666 |   3367 |   7 | 1171.6 |
       Dungeon |   7033 |   6867 |    166 |   2825 |   3208 |   6 | 1172.2 |
       Ossuary |   1167 |   1167 |      0 |    841 |    159 |   1 | 1167.0 |
               +--------+--------+--------+--------+--------+-----+--------+

Top non-repeatable levels by time:
     D:5: 1630 daAuts
     D:2: 1432 daAuts
 Ossuary: 1167 daAuts
     D:1: 1105 daAuts
     D:6: 1089 daAuts
     D:4: 972 daAuts
     D:3: 803 daAuts
